 Dungeon Crawl Stone Soup version 0.29-a0-1009-g60c99734e7 (webtiles) character file.

Game seed: 6642074833899937363

930 leavemydog the Destroyer (level 7, -1/36 HPs)
             Began as a Deep Elf Conjurer on Aug 8, 2022.
             Was an Initiate of Vehumet.
             Slain by a black bear (4 damage)
             ... on level 5 of the Dungeon.
             The game lasted 00:06:30 (4973 turns).

leavemydog the Destroyer (Deep Elf Conjurer)        Turns: 4973, Time: 00:06:30

Health: -1/36      AC:  3    Str:  4    XL:     7   Next: 86%
Magic:  8/19       EV: 12    Int: 25    God:    Vehumet [......]
Gold:   246        SH:  0    Dex: 13    Spells: 13/20 levels left

rFire   . . .      SeeInvis .   f - +0 short sword (elec)
rCold   . . .      Faith    .   (no shield)
rNeg    . . .      Spirit   .   a - +0 robe
rPois   .          Reflect  .   (no helmet)
rElec   .          Harm     .   (no cloak)
rCorr   .          Rampage  .   c - +0 pair of gloves
Will    .....                   (no boots)
Stlth   ++........              (no amulet)
HPRegen 0.12/turn               (no ring)
MPRegen 0.16/turn               (no ring)

@: no status effects
A: no striking features
a: Renounce Religion


You were on level 5 of the Dungeon.
You worshipped Vehumet.
Vehumet was noncommittal.
You visited 2 branches of the dungeon, and saw 6 of its levels.

You collected 246 gold pieces.

Inventory:

Hand Weapons
 f - a +0 short sword of electrocution (weapon)
Missiles
 g - a throwing net
 r - 5 javelins
Armour
 a - a +0 robe (worn)
 c - a +0 pair of gloves (worn)
Wands
 l - a wand of polymorph (11)
Scrolls
 d - 2 scrolls of teleportation {unknown}
 e - 3 scrolls of identify {unknown}
 h - a scroll of vulnerability {unknown}
 j - a scroll of magic mapping {unknown}
 m - a scroll of butterflies {unknown}
 p - a scroll of enchant armour {unknown}
 q - a scroll of poison {unknown}
Potions
 b - 2 potions of magic
 i - a potion of lignification
 k - a potion of haste {unknown}
 n - a potion of resistance {unknown}
 o - a potion of curing {unknown}
 s - a potion of berserk rage {unknown}
 t - a potion of might {unknown}


   Skills:
 - Level 2.4 Dodging
 - Level 2.4 Stealth
 + Level 7.4 Spellcasting
 + Level 8.2 Conjurations
 * Level 3.7 Translocations


You had 13 spell levels left.
You knew the following spells:

 Your Spells              Type           Power      Damage    Failure   Level
a - Magic Dart            Conj           100%       1d8       1%          1
b - Searing Ray           Conj           100%       2d8       1%          2
c - Iskenderun's Mystic   Conj/Tloc      39%        2d9       5%          4

Your spell library contained the following spells:

 Spells                   Type           Power      Damage    Failure   Level
 Apportation              Tloc           54%        N/A       1%          1
 Dazzling Flash           Conj/Hex       60%        N/A       3%          3
 Necrotise                Necr           36%        1d5       6%          1
 Summon Small Mammal      Summ           36%        N/A       6%          1
 Sublimation of Blood     Necr           9%         N/A       10%         2
 Fulminant Prism          Conj/Hex       15%        3d11      12%         4
 Vampiric Draining        Necr           9%         2d6       19%         3
 Irradiate                Conj/Tmut      15%        3d16      32%         5
 Petrify                  Tmut/Erth      9%         N/A       54%         4
 Agony                    Necr           9%         N/A       87%         5


Dungeon Overview and Level Annotations

Branches:
Dungeon (5/15)             Temple (1/1) D:4

Altars:
Ashenzari
Cheibriados
Dithmenos
Elyvilon
Fedhas
Gozag
Kikubaaqudgha
Nemelex Xobeh
Okawaru
Qazlal
Trog
Uskayaw
Vehumet
Xom
Yredelemnul
Zin
The Shining One

Shops:
D:2 [   D:3 [


Message History

Press: ? - help, Shift-Dir - straight line, f/p - black bear
Aim: a black bear (heavily wounded, 87% to hit)
The searing ray hits the black bear.
The black bear is heavily wounded. (Press . to maintain the ray.)
The ufetubus shouts!
The searing ray hits the black bear.
The black bear is severely wounded.
The searing ray hits the black bear.
The black bear is almost dead.
The searing ray hits the ufetubus!
You kill the ufetubus!
Vehumet accepts your kill.
The black bear goes berserk!
The searing ray misses the black bear.
You finish channelling your searing ray.
The black bear bites you! The black bear closely misses you. x2
The black bear bites you.
The black bear claws you but does no damage. x2
Casting: Searing Ray (safe; 1% risk of failure)
Confirm with . or Enter, or press ? or * to list all spells.
Aiming: Searing Ray (safe; 1% risk of failure)
Press: ? - help, Shift-Dir - straight line, f/p - black bear
Aim: a black bear (almost dead, berserk, 87% to hit)
The searing ray misses the black bear. (Press . to maintain the ray.)
The black bear closely misses you. The black bear claws you.
The black bear closely misses you. The black bear barely misses you.
The black bear claws you.
The black bear claws you but does no damage.
The searing ray hits the black bear!
The black bear is almost dead.
The black bear bites you!
* * * LOW HITPOINT WARNING * * *
The black bear claws you but does no damage.
The black bear claws you.
* * * LOW HITPOINT WARNING * * *
The searing ray misses the black bear.
The black bear closely misses you. The black bear claws you.
You die...

#!.$.......
#.............
#.............. #
#..............
#.#..........#...
.#....... ......
.......h###...# #
#?@.##.#.####.#
##......<.......
#[..#####.....##
#.#........##....
#..##......## ##
.[....>###..# ...
.## #..## ######
... #...#####.....
######.#.##.[)))...


You could see a black bear (berserk).

Vanquished Creatures
  Prince Ribbit (D:5)
  A water moccasin (D:5)
  2 ogres (D:4)
  2 necrophages (D:4)
  A scorpion (D:5)
  A howler monkey (D:4)
  2 orc priests (D:5)
  An iguana (D:4)
  An orc wizard (D:3)
  4 adders
  3 gnolls (D:2)
  An ufetubus (D:5)
  A worm (D:4)
  2 dart slugs
  9 orcs
  4 endoplasms
  3 giant cockroaches (D:1)
  8 goblins
  4 hobgoblins
  A jackal (D:4)
  6 kobolds
  A quokka (D:2)
  5 ball pythons
  3 bats
  3 frilled lizards
  4 rats
74 creatures vanquished.

Notes
Turn   | Place    | Note
-------+----------+-------------------------------------------
     0 | D:1      | leavemydog the Deep Elf Conjurer began the quest for the
                  | Orb.
     0 | D:1      | Reached XP level 1. HP: 10/10 MP: 6/6
   187 | D:1      | Reached XP level 2. HP: 15/15 MP: 6/8
   206 | D:1      | Reached skill level 5 in Conjurations
   280 | D:1      | Learned a level 2 spell: Searing Ray
  1046 | D:2      | Reached XP level 3. HP: 13/19 MP: 5/9
  1487 | D:2      | Found Ycsitzugopt's Antique Armour Emporium.
  1540 | D:2      | Reached skill level 6 in Conjurations
  1540 | D:2      | Reached XP level 4. HP: 23/24 MP: 0/11
  1545 | D:2      | Learned a level 4 spell: Iskenderun's Mystic Blast
  1759 | D:2      | Found a faded altar of an unknown god.
  2069 | D:3      | Found Pokumne's Antique Armour Boutique.
  2222 | D:3      | Noticed an orc warrior
  2314 | D:3      | Found a basalt altar of Yredelemnul.
  2765 | D:3      | Reached skill level 1 in Translocations
  3159 | D:4      | Reached XP level 5. HP: 28/28 MP: 7/13
  3430 | D:4      | Noticed an ogre
  3437 | D:4      | Killed an ogre
  3438 | D:4      | Reached skill level 5 in Spellcasting
  3438 | D:4      | Reached XP level 6. HP: 32/32 MP: 6/15
  3531 | D:4      | Reached skill level 7 in Conjurations
  3982 | D:4      | Found a staircase to the Ecumenical Temple.
  4192 | D:4      | Reached XP level 7. HP: 36/36 MP: 14/18
  4242 | Temple   | Entered the Ecumenical Temple
  4280 | Temple   | Became a worshipper of Vehumet
  4612 | D:5      | Entered Level 5 of the Dungeon
  4843 | D:5      | Noticed Prince Ribbit
  4851 | D:5      | Killed Prince Ribbit
  4852 | D:5      | Reached skill level 8 in Conjurations
  4973 | D:5      | Slain by a black bear

Illustrated notes

Levels and vault maps discovered:
D:1:      psy_arrival_terrarium, layout_loops_ring
D:2:      layout_basic, serial_shops, shop, dilly_ecumenical_altar_fadedgnrine,
          amcnicky_mini_corridor_feature
D:3:      layout_loops_ring, mainiacjoe_overflow_alcove_4, serial_shops,
          nicolae_shop_advertising_works [nicolae_subvault_shop_adworks],
          small_statue_alley_b, nicolae_figureground_sparkle
D:4:      minmay_recursive_quarters, layout_basic, minmay_temple_entry_mist
D:5:      layout_rooms, kennysheep_orc_sif_temple, uniq_prince_ribbit1
Temple:   nicolae_temple_elliptical

Skill      XL: |  1  2  3  4  5  6  7 |
---------------+----------------------+-----
Conjurations   | 5 6 7 8 |  8.2
Translocations | 1 2 3 |  3.7
Spellcasting   | 4 5 6 7 |  7.4
Dodging        | |  2.4
Stealth        | |  2.4

Action                   |  1- 3 |  4- 6 |  7- 9 || total
-------------------------+-------+-------+-------++-------
Melee: Unarmed           |    22 |       |       ||    22
       Short sword       |       |     1 |       ||     1
 Cast: Magic Dart        |    64 |    84 |    31 ||   179
       Searing Ray       |     1 |     6 |     5 ||    12
  Use: Potion            |       |     1 |       ||     1
 Stab: Sleeping          |     1 |       |       ||     1
Armor: Robe              |     7 |     3 |     4 ||    14
Dodge: Dodged            |    21 |     6 |     7 ||    34

Table legend: (Time is in decaauts)
 A = Elapsed time spent in this place.
 B = Non-inter-level travel time spent in this place.
 C = Inter-level travel time spent in this place.
 D = Time resting spent in this place.
 E = Time spent auto-exploring this place.
 F = Levels seen in this place.
 G = Mean time per level.
                   A        B        C        D        E       F      G
               +--------+--------+--------+--------+--------+-----+--------+
         Total |   4977 |   4713 |    264 |   1434 |   2780 |   6 |  829.5 |
       Dungeon |   4793 |   4570 |    223 |   1434 |   2655 |   5 |  958.6 |
        Temple |    183 |    143 |     40 |      0 |    125 |   1 |  183.0 |
               +--------+--------+--------+--------+--------+-----+--------+

Top non-repeatable levels by time:
     D:4: 1541 daAuts
     D:1: 1033 daAuts
     D:3: 1020 daAuts
     D:2: 982 daAuts
     D:5: 215 daAuts
  Temple: 183 daAuts
